AoeStats
← -Luxo-

Yucatan

503612758Analyzed
3v3 RM · 1mo ago on Sep 1, 2026· 46m 10s· 6 players
Game mode
Random Map
Map size
Normal (6 player)
Population
200
Speed
Normal
Resources
Standard
Victory
Conquest
Starting age
Dark Age
Ending age
Imperial Age
RankedLock teamsTeams togetherTeam positionsShared explorationLock speedFull tech treeHidden civsTurbo modeCheats
Victory
Defeat
🇩🇪 Celts · Germany
994
+10
🇩🇪 Portuguese · Germany
986
+10
🇩🇪 Magyars · Germany
885
+15
🇨🇳 Hindustanis · China
885
-13
🇩🇪 Franks · Germany
867
-12
🇮🇳 Magyars · India
817
-18
zauberkugel112
0:29 Loom
11:28 Feudal Age
13:24 Wheelbarrow
13:04 Double-Bit Axe
15:12 Gold Mining
20:25 Castle Age
20:19 Scale Barding Armor
20:24 Forging
20:42 Stone Mining
23:15 Husbandry
30:14 Hand Cart
34:52 Imperial Age
34:49 Bow Saw
34:43 Squires
34:03 Pikeman
34:29 Arson
36:18 Conscription
38:16 Gold Shaft Mining
Surgeon Of Death
8:03 Loom
10:59 Feudal Age
16:14 Double-Bit Axe
18:12 Bloodlines
23:21 Scale Barding Armor
26:32 Castle Age
27:06 Light Cavalry
27:47 Husbandry
33:44 Chain Barding Armor
46:31 Imperial Age
46:50 Imperial Age
zekzhang1995
Holzig
10:52 Feudal Age
9:55 Loom
11:41 Feudal Age
16:48 Castle Age
16:16 Double-Bit Axe
16:12 Horse Collar
19:48 Gold Mining
27:38 Imperial Age
27:02 Wheelbarrow
26:13 Town Watch
30:38 Chemistry
29:20 Treadmill Crane
30:01 Ballistics
29:37 Murder Holes
32:01 Hand Cart
31:47 Town Patrol
33:20 Bombard Tower
34:43 Conscription
34:27 Arquebus
34:33 Circumnavigation
35:26 Scale Barding Armor
35:32 Forging
35:23 Pikeman
36:45 Halberdier
41:01 Fortified Wall
42:01 Redemption
42:06 Redemption
42:14 Block Printing
42:55 Halberdier
samu09
13:23 Feudal Age
15:47 Wheelbarrow
15:29 Horse Collar
15:36 Double-Bit Axe
17:47 Stone Mining
20:45 Castle Age
18:54 Loom
20:05 Scale Barding Armor
20:30 Gold Mining
21:51 Hand Cart
23:02 Bow Saw
25:17 Heavy Plow
28:41 Pikeman
35:29 Chain Barding Armor
34:59 Fletching
35:59 Husbandry
36:41 Corvinian Army
36:59 Padded Archer Armor
38:06 Gold Shaft Mining
41:31 Arson
44:37 Imperial Age
42:47 Thumb Ring
45:24 Ballistics
44:45 Treadmill Crane
45:05 Murder Holes
46:14 Conscription
-Luxo-
9:48 Loom
13:14 Feudal Age
14:43 Wheelbarrow
13:52 Horse Collar
13:59 Double-Bit Axe
20:50 Castle Age
19:39 Stone Mining
19:43 Gold Mining
19:49 Fletching
22:28 Heavy Plow
22:40 Bow Saw
25:12 Hand Cart
24:43 Town Watch
27:10 Stronghold
28:59 Bodkin Arrow
29:06 Scale Mail Armor
29:16 Forging
30:50 Chain Mail Armor
33:33 Imperial Age
31:31 Pikeman
33:34 Elite Woad Raider
34:05 Capped Ram
35:08 Conscription
35:32 Iron Casting
36:04 Furor Celtica
36:14 Town Patrol
37:24 Gold Shaft Mining
37:30 Stone Shaft Mining
38:33 Hoardings
37:29 Sappers
40:56 Plate Mail Armor
41:30 Blast Furnace
41:43 Arson
41:44 Gambesons
41:45 Siege Ram
Connection lost

Rejoining the realm…

Still unreachable

The connection could not be restored.

Session expired

The server has moved on; the page needs a fresh start.